 Dungeon Crawl Stone Soup version 0.13-a0-419-g27b33f2 (console) character file.

368 vogonpoet the Ruffian (level 5, -6/48 HPs)
             Began as a Troll Transmuter on Apr 22, 2013.
             Mangled by Pikel
             ... wielding a +0,+2 whip of flaming
              (8 damage)
             ... on Level 4 of the Dungeon.
             The game lasted 00:09:21 (2914 turns).

vogonpoet the Ruffian (Troll Transmuter)            Turns: 2914, Time: 00:09:21

HP  -6/48        AC  5     Str 18      XL: 5   Next: 22%
MP  12/12        EV  9     Int 10      God:
Gold 202         SH  0     Dex  8      Spells:  3 memorised,  0 levels left

Res.Fire  : . . .   See Invis. : .     - Unarmed
Res.Cold  : . . .   Warding    : .   C - +0 robe
Life Prot.: . . .   Conserve   : .   (shield restricted)
Res.Poison: .       Res.Corr.  : .   (helmet restricted)
Res.Elec. : .       Clarity    : .   (no cloak)
Sust.Abil.: . .     Spirit.Shd : .   (gloves unavailable)
Res.Mut.  : +       Stasis     : .   (boots unavailable)
Res.Rott. : .       Ctrl.Telep.: .   D - amulet of resist mutation {unknown}
Gourmand  : +       Flight     : .   G - ring of magical power
                                     t - cursed -2 ring of dexterity

@: slightly resistant to hostile enchantments, very unstealthy
A: unfitting armour, claws 3, fast metabolism 3, gourmand, regeneration 2,
saprovore 2, tough skin 2, AC +1
a: no special abilities


You were on level 4 of the Dungeon.
You were full.

You visited 1 branch of the dungeon, and saw 4 of its levels.

You collected 182 gold pieces.

Inventory:

Hand weapons
 w - a +0,+0 sling
 J - a +2,+1 sling
Missiles
 b - 12 arrows
 n - 33 darts (quivered)
 o - 21 bolts of penetration
 y - 39 poisoned needles
 A - a dart of frost
Armour
 c - a +0 robe
 C - a +0 robe (worn)
Comestibles
 a - 3 meat rations
 u - a pear
 v - 2 bread rations
 I - 2 rotting chunks of goblin flesh
 L - a rambutan
 M - 2 chunks of human flesh
 N - a chunk of rat flesh
Scrolls
 f - 9 scrolls of identify {unknown}
 j - 2 scrolls of enchant armour {unknown}
 k - 2 scrolls of blinking {unknown}
 l - a scroll of curse jewellery {unknown}
 m - 2 scrolls of curse armour {unknown}
 p - 2 scrolls of fog {unknown}
 q - a scroll of curse weapon {unknown}
 r - 2 scrolls of enchant weapon II {unknown}
 s - a scroll of remove curse {unknown}
 B - 2 scrolls of noise {unknown}
 E - a scroll of magic mapping {unknown}
 F - a scroll of amnesia {unknown}
 K - 2 scrolls of teleportation {unknown}
Jewellery
 t - a cursed -2 ring of dexterity (left claw)
 z - an uncursed ring of fire
 D - an amulet of resist mutation (around neck) {unknown}
 G - a ring of magical power (right claw)
 H - a +2 ring of dexterity
Potions
 e - 4 potions of restore abilities
 g - a potion of slowing {unknown}
 h - 3 potions of mutation {unknown}
 i - 3 potions of curing {unknown}
 x - 2 potions of poison {unknown}
Books
 d - a book of Changes

   Spells                             Type                      Level
   *Beastly Appendage                 Transmutation                1
   *Sticks to Snakes                  Transmutation                2
   *Spider Form                       Transmutation/Poison         3
   Ice Form                           Ice/Transmutation            4
   Blade Hands                        Transmutation                5


   Skills:
 - Level 0.7 Fighting
 - Level 1.5 Dodging
 - Level 5.0 Unarmed Combat
 - Level 1.2 Spellcasting
 + Level 2.8 Transmutations


You couldn't memorise any spells.
You knew the following spells:

 Your Spells              Type           Power        Failure   Level  Hunger
a - Beastly Appendage     Trmt           ##.....      12%         1    ##.....
b - Sticks to Snakes      Trmt           ##........   17%         2    ###....
c - Spider Form           Trmt/Pois      #.........   65%         3    ####...


Dungeon Overview and Level Annotations

Branches:
Dungeon (4/27)
 Temple: D:4-7

Altars:

Annotations
D:2 1 exclusion
D:4 Pikel


Innate Abilities, Weirdness & Mutations

You are too large for most types of armour.
You have claws for hands.*
Your metabolism is lightning-fast.
You like to eat raw meat.
You heal very quickly.
You can eat rotten meat.
You are covered in fur (AC +1).*
You have very tough skin (AC +2).*


Message History

Something smites you! Pikel hits you with a whip of flaming. Pikel burns you.
You claw Pikel!
Pikel is almost dead.
The orc priest barely misses you.
Pikel sighs. "I should go into elves; they're easier to handle.
And prettier!"
Pikel hits you but does no damage.
You barely miss Pikel.
Pikel is almost dead.
The orc priest hits you from afar with an orcish trident.
* * * LOW HITPOINT WARNING * * *
Pikel hits you with a whip of flaming.
* * * LOW HITPOINT WARNING * * *
Pikel burns you.
* * * LOW HITPOINT WARNING * * *
Drink which item? (? for menu, Esc to quit)
You feel refreshed.
It was a potion of restore abilities.
The orc priest hits you from afar with an orcish trident.
* * * LOW HITPOINT WARNING * * *
Pikel hits you with a whip of flaming!
You die...

... #......# @.
#......#
..#......#
.#o.....#
'o.....# #......#
#......#
....######o.....#
.....[..@K@.....#
####+######.....#
. #.....# #
#.....# #.....#
..# #.....#
#...##
#####.....#
#####.....
..........#
.........#
####......#


You could see Pikel (bleeding), a slave and an orc priest.

Vanquished Creatures
  A slave (D:3)
  Terence (D:3)
  5 adders
  A giant mite (D:3)
  An inept feature mimic (D:2)
  2 worms (D:3)
  2 giant geckos
  12 orcs (D:3)
  12 bats
  3 giant cockroaches
  3 goblins
  8 hobgoblins
  2 jackals (D:1)
  5 giant newts
  6 kobolds
  A kobold skeleton (D:4)
  10 rats
75 creatures vanquished.

Notes
Turn   | Place    | Note
--------------------------------------------------------------
     0 | D:1      | vogonpoet, the Troll Transmuter, began the quest for the Orb.
     0 | D:1      | Reached XP level 1. HP: 19/19 MP: 1/1
   131 | D:1      | Reached XP level 2. HP: 27/27 MP: 1/1
   143 | D:1      | Learned a level 2 spell: Sticks to Snakes
   358 | D:1      | Reached skill level 4 in Unarmed Combat
   717 | D:1      | Reached XP level 3. HP: 33/33 MP: 2/2
  1734 | D:3      | Reached skill level 5 in Unarmed Combat
  1734 | D:3      | Reached XP level 4. HP: 41/41 MP: 3/3
  2165 | D:3      | Noticed Terence
  2172 | D:3      | Killed Terence
  2324 | D:3      | Reached XP level 5. HP: 40/48 MP: 3/3
  2654 | D:4      | Learned a level 3 spell: Spider Form
  2745 | D:4      | Noticed a slave
  2745 | D:4      | Noticed a slave
  2746 | D:4      | Noticed Pikel
  2763 | D:4      | Noticed a slave
  2766 | D:4      | Noticed a slave
  2779 | D:3      | Killed a slave
  2914 | D:4      | HP: 2/48 [orc priest/orcish trident (4)]
  2914 | D:4      | Mangled by Pikel

Action                   |  1- 3 |  4- 6 || total
-------------------------+-------+-------++-------
Melee: Unarmed           |   129 |    90 ||   219
Throw: Dart              |     9 |    18 ||    27
 Cast: Beastly Appendage |       |     1 ||     1
  Use: Potion            |       |     1 ||     1
 Stab: Sleeping          |     1 |     1 ||     2
